Map: Blueshift LE

Players

BitByBit - Winner!

  • Race: Terran Terran
  • Spawn Location: 1:00

A.I. 1 (Elite)

  • Race: Protoss Protoss
  • Spawn Location: 7:00

VOD

Have the link to the VOD?

Description

Time

  • Played on: Dec. 31, 2018, 7:15 a.m.
  • Length: 13:26
Show
View Real Time Build Order
Export as new Build Order

BitByBit Terran - Winner!

Build Orders: Reaper Expand 

Get SALT Encoding   

  12  0:01  SCV  
  13  0:13  SCV  
  14  0:18  Supply Depot  
  14  0:25  SCV  
  15  0:40  SCV  
  16  0:44  Barracks  
  16  0:51  Refinery  
  16  0:52  SCV  
  17  1:04  SCV  
  18  1:16  SCV  
  19  1:31  Orbital Command  
  19  1:35  Reaper  
  20  1:44  Command Center  
  20  1:56  SCV  
  21  2:10  SCV, Supply Depot  
  21  2:14  Factory  
  22  2:16  Refinery  
  22  2:25  SCV  
  23  2:32  Marine  
  24  2:38  SCV  
  25  2:50  SCV  
  26  3:00  Orbital Command  
  26  3:03  Barracks Reactor  
  26  3:06  SCV  
  26  3:09  Starport  
  26  3:11  Hellion  
  29  3:19  SCV  
  30  3:26  SCV  
  32  3:34  SCV  
  32  3:40  Supply Depot  
  32  3:41  Marine x2, Widow Mine  
  34  3:45  SCV  
  34  3:46  SCV, Medivac  
  40  3:57  SCV  
  40  3:58  SCV  
  40  3:59  Marine x2  
  44  4:02  Supply Depot  
  44  4:09  SCV  
  45  4:10  SCV  
  45  4:12  Factory Tech Lab  
  46  4:19  Marine x2  
  46  4:21  SCV  
  46  4:22  SCV  
  50  4:30  Supply Depot  
  50  4:31  Refinery  
  50  4:33  SCV, Siege Tank  
  50  4:36  Starport Tech Lab  
  54  4:38  Marine x2  
  56  4:47  Barracks  
  56  4:48  Barracks  
  56  4:49  Engineering Bay  
  56  4:53  Supply Depot  
  56  4:59  SCV x2  
  58  5:03  Marine  
  58  5:04  Marine  
  58  5:07  Siege Tank  
  63  5:08  Raven  
  63  5:11  SCV x2  
  67  5:15  Supply Depot  
  61  5:37  Barracks Tech Lab x2  
  61  5:39  Siege Tank  
  61  5:40  Marine x2  
  61  5:42  SCV x2  
  67  5:47  Refinery  
  65  5:54  SCV  
  65  5:55  SCV  
  65  5:56  Medivac  
  69  5:57  Command Center  
  69  5:59  Marine  
  69  6:00  Marine, Marauder x2  
  69  6:01  Stimpack  
  75  6:08  Terran Infantry Weapons Level 1  
  75  6:15  Combat Shield  
  75  6:17  Marine x2  
  77  6:20  SCV  
  77  6:21  SCV, Marauder x2  
  77  6:25  Supply Depot x2  
  83  6:33  SCV x2  
  83  6:35  Marine  
  86  6:46  Marine  
  86  6:47  Marauder x2  
  91  6:49  Barracks  
  91  6:51  Barracks  
  91  6:53  Marine  
  92  7:00  Starport Reactor  
  92  7:02  Factory Reactor  
  92  7:11  Marine x2, Marauder x2  
  98  7:16  Orbital Command  
  98  7:25  Supply Depot  
  98  7:27  Supply Depot  
  98  7:28  Supply Depot  
  98  7:29  Marine  
  99  7:30  Engineering Bay, Armory  
  99  7:31  Marine  
  99  7:32  Marauder  
  99  7:33  Marauder  
  99  7:34  Supply Depot  
  104  7:37  Medivac x2  
  104  7:40  Orbital Command  
  108  7:46  Marine  
  108  7:49  Marine  
  110  7:52  Marauder x2  
  110  7:53  Marine  
  110  7:54  Marine  
  110  7:55  Widow Mine x2  
  120  8:00  Terran Infantry Armor Level 1  
  102  8:20  Marine x2, Marauder x2  
  102  8:21  Marauder x2  
  110  8:36  SCV x2  
  110  8:37  SCV  
  110  8:38  Marine x2  
  115  8:44  Marauder x4  
  123  8:48  SCV  
  123  8:49  Medivac x2  
  123  8:52  Widow Mine x2  
  132  8:56  Marine x2  
  132  8:57  Refinery  
  130  9:05  Marine, Marauder x2  
  130  9:09  Marauder  
  137  9:14  SCV x3  
  137  9:16  Refinery  
  140  9:18  Marine x2  
  140  9:23  Marauder  
  142  9:26  SCV x2  
  142  9:27  Marauder x2  
  142  9:29  Marine  
  142  9:31  Terran Infantry Weapons Level 2, Supply Depot x2  
  149  9:32  Supply Depot x2  
  149  9:39  Starport  
  149  9:43  Concussive Shells  
  149  9:52  Marine x3, Medivac, Marauder  
  156  9:53  Medivac, Marauder x2  
  156  9:58  Supply Depot  
  162  10:00  Supply Depot  
  162  10:01  Supply Depot  
  162  10:05  Terran Infantry Armor Level 2  
  162  10:10  Marine x2, Marauder  
  168  10:14  Marine, Marauder  
  168  10:15  Marauder  
  168  10:17  Starport Reactor  
  168  10:19  Barracks  
  171  10:23  Barracks  
  171  10:27  Marine x2  
  173  10:32  Marauder x2  
  179  10:35  Marauder  
  179  10:36  Marauder  
  181  10:45  Marine x2  
  183  10:52  Marine  
  183  10:54  Marauder  
  183  10:57  Marauder x2  
  190  11:10  Marine x2  
  190  11:11  Marauder  
  196  11:13  Barracks Reactor  
  196  11:14  Barracks Tech Lab  
  196  11:15  Marauder  
  196  11:17  Supply Depot  
  196  11:18  Marauder  
  198  11:19  Supply Depot, Marauder  
  198  11:28  Marine x2  
  192  11:41  Marine, Marauder x2  
  192  11:46  Marauder  
  197  12:01  Supply Depot  
  193  12:02  Supply Depot  
  193  12:03  Supply Depot  
  193  12:07  Supply Depot  
  168  12:28  Medivac x2, Marauder  
  174  12:35  Marine  
Show
View Real Time Build Order
Export as new Build Order

A.I. 1 (Elite) Protoss 

Build Orders: 1 Gate Expand, Zealot Archon 

Get SALT Encoding   

  12  0:00  Probe  
  13  0:13  Probe  
  14  0:18  Pylon  
  14  0:25  Probe  
  15  0:33  Probe  
  15  0:39  Gateway  
  15  0:41  Probe  
  17  0:50  Probe  
  18  0:58  Probe  
  19  1:15  Probe  
  19  1:17  Nexus  
  20  1:27  Probe, Zealot  
  23  1:36  Pylon  
  23  1:44  Cybernetics Core  
  23  1:47  Assimilator  
  23  1:52  Probe  
  24  2:01  Probe  
  25  2:09  Probe  
  25  2:20  Probe  
  25  2:22  Warp Gate  
  26  2:23  Pylon  
  26  2:25  Probe  
  27  2:32  Probe  
  27  2:33  Probe  
  28  2:37  Gateway  
  28  2:43  Assimilator  
  29  2:44  Probe  
  30  2:51  Stalker  
  30  2:52  Probe  
  30  2:55  Probe  
  33  3:03  Pylon  
  33  3:07  Probe  
  33  3:09  Probe  
  34  3:19  Probe  
  36  3:21  Adept  
  36  3:24  Adept  
  40  3:33  Probe  
  40  3:34  Robotics Facility  
  41  3:35  Probe  
  42  3:45  Probe  
  42  3:47  Probe  
  44  3:48  Adept  
  44  3:52  Adept  
  48  3:57  Probe x2  
  48  3:59  Pylon  
  50  4:05  Probe  
  50  4:09  Probe  
  52  4:15  Adept  
  54  4:17  Probe  
  54  4:18  Stalker  
  54  4:20  Pylon  
  54  4:21  Probe  
  54  4:23  Immortal  
  62  4:26  Probe  
  63  4:33  Probe  
  64  4:44  Robotics Facility  
  64  4:49  Probe  
  64  4:50  Stalker  
  64  4:51  Probe  
  68  4:56  Stalker  
  68  4:58  Pylon  
  70  5:02  Pylon  
  70  5:11  Immortal  
  74  5:16  Probe x2  
  74  5:18  Forge  
  75  5:25  Probe  
  58  5:50  Zealot, Twilight Council  
  58  5:56  Probe, Photon Cannon  
  61  5:57  Assimilator  
  61  5:59  Photon Cannon  
  61  6:01  Probe  
  61  6:03  Assimilator  
  62  6:08  Probe  
  62  6:09  Probe  
  63  6:15  Gateway  
  63  6:17  Probe  
  64  6:20  Probe  
  66  6:28  Probe  
  66  6:30  Probe, Templar Archives  
  67  6:37  Zealot  
  67  6:38  Probe  
  70  6:42  Probe  
  72  6:49  Probe  
  72  6:54  Probe  
  74  7:00  Probe  
  75  7:02  Sentry  
  75  7:03  Stalker  
  75  7:06  Probe, Forge  
  75  7:08  Probe  
  80  7:09  Pylon, Sentry  
  80  7:10  Observer  
  80  7:13  Nexus  
  84  7:16  Probe  
  84  7:18  Probe  
  86  7:25  High Templar  
  86  7:26  High Templar  
  86  7:27  Probe  
  91  7:30  Probe  
  91  7:31  Pylon  
  91  7:32  Stalker  
  94  7:39  Probe  
  94  7:42  Probe  
  96  7:48  Archon  
  96  7:49  Stalker  
  98  7:53  Pylon  
  98  7:57  High Templar  
  100  7:59  Stalker  
  102  8:08  Zealot  
  95  8:14  Pylon  
  79  8:21  High Templar  
  79  8:22  Zealot  
  61  8:30  Zealot  
  63  8:36  Stalker  
  65  8:42  Probe x2  
  65  8:47  Adept  
  68  8:54  Adept, Probe, High Templar  
  73  8:56  Probe  
  73  8:58  Immortal  
  73  9:00  Zealot  
  70  9:06  Probe  
  70  9:07  Probe  
  72  9:14  Stalker  
  72  9:15  Probe  
  74  9:19  Probe, Immortal, Nexus  
  74  9:20  Zealot  
  82  9:24  Probe  
  82  9:26  Stalker  
  82  9:28  Assimilator  
  82  9:31  Probe  
  86  9:36  Probe  
  86  9:37  Zealot  
  89  9:40  Zealot  
  89  9:43  Probe  
  92  9:46  Zealot  
  92  9:48  Probe  
  92  9:52  Immortal  
  99  9:55  Probe  
  99  9:57  Pylon, Zealot  
  102  10:00  Stalker, Zealot  
  102  10:01  Probe  
  102  10:05  Immortal  
  107  10:07  Probe  
  107  10:13  Probe  
  109  10:17  High Templar  
  109  10:20  Stalker  
  117  10:22  Zealot  
  117  10:23  Pylon, Immortal  
  123  10:42  Stalker  
  125  10:43  Stalker  
  125  10:47  Immortal  
  125  10:48  Psionic Storm  
  125  10:49  Sentry  
  133  10:58  Sentry  
  127  11:06  Zealot  
  124  11:12  Stalker  
  124  11:13  Probe  
  124  11:18  Stalker  
  123  11:26  Zealot  
  109  11:35  Zealot  
  109  11:39  Nexus  
  94  11:41  Sentry  
  94  11:46  Zealot  
  81  11:55  Stalker  
  81  12:06  Pylon  
  48  12:19  High Templar  
  38  12:41  Pylon  
Tags
 
Add a new tag
Caveats
  • Supply blocks, unpowered buildings, or Contaminate may cause inaccurate times.
  • Supply counts are checked every 10 seconds.